 Dungeon Sprint DCSS version 0.24-a0-535-gbb0d440 (webtiles) character file.

Game seed: 15680952489353560437

2469 silentkaos13 the Eclecticist (level 9, 0/45 HPs)
             Began as a Deep Elf Summoner on Aug 10, 2019.
             Was a Priest of Sif Muna.
             Slain by an unseen horror (9 damage)
             ... in the Dungeon (Sprint I: "Red Sonja").
             The game lasted 00:10:22 (1628 turns).

silentkaos13 the Eclecticist (Deep Elf Summoner)    Turns: 1628, Time: 00:10:22

Health: 0/45       AC:  2    Str:  5    XL:     9   Next: 26%
Magic:  31/31      EV: 14    Int: 24    God:    Sif Muna [***...]
Gold:   874        SH:  0    Dex: 15    Spells: 26/40 levels left

rFire    . . .     SeeInvis .   k - +2 dagger (drain)
rCold    . . .     Gourm    .   (no shield)
rNeg     . . .     Faith    .   a - +0 robe
rPois    .         Spirit   .   (no helmet)
rElec    .         Reflect  .   (no cloak)
rCorr    .         Harm     .   (no gloves)
MR       .....     NoTele   +   (no boots)
Stlth    +++.......             (no amulet)
HPRegen  0.15/turn              (no ring)
MPRegen  0.22/turn              (no ring)

@: no status effects
A: no striking features
a: Channel Magic, Forget Spell, Renounce Religion


You were in the Dungeon.
You worshipped Sif Muna.
Sif Muna was most pleased with you.
You were not hungry.

You visited 1 branch You collected 874 gold pieces.

Inventory:

Hand Weapons
 k - a +2 dagger of draining (weapon)
Missiles
 l - 8 curare-tipped darts (quivered)
Armour
 a - a +0 robe (worn)
Scrolls
 i - a scroll of blinking
 j - a scroll of magic mapping {unknown}
 n - a scroll of identify {unknown}
Potions
 b - a potion of degeneration {unknown}
 c - a potion of flight {unknown}
 d - a potion of curing
 e - a potion of heal wounds
 f - a potion of haste
 g - 2 potions of magic
 h - a potion of berserk rage
 m - a potion of ambrosia {unknown}


   Skills:
 - Level 1.0 Throwing
 * Level 4.1 Dodging
 + Level 4.7 Stealth
 + Level 16.2 Spellcasting
 + Level 15.5 Summonings
 + Level 4.7 Ice Magic
 + Level 5.9 Air Magic


You had 26 spell levels left.
You knew the following spells:

 Your Spells              Type           Power        Failure   Level  Hunger
a - Summon Small Mammal   Summ           ####         0%          1    None
b - Call Imp              Summ           #######.     0%          2    None
c - Call Canine Familiar  Summ           #######.     0%          3    None
d - Summon Ice Beast      Ice/Summ       ######..     1%          4    None
e - Summon Lightning Spi  Summ/Air       ######..     1%          4    None

Your spell library contained the following spells:

 Spells                   Type           Power        Failure   Level  Hunger
 Summon Guardian Golem    Hex/Summ       ######..     1%          3    None
 Magic Dart               Conj           ###.         2%          1    None
 Searing Ray              Conj           ###...       4%          2    None
 Dazzling Spray           Conj/Hex       ###...       9%          3    None
 Force Lance              Conj/Tloc      ###.....     28%         4    None
 Fulminant Prism          Conj/Hex       ###.......   28%         4    None
 Iskenderun's Mystic Bla  Conj           ###.....     28%         4    None


Dungeon Overview and Level Annotations

Branches:
Dungeon (1/1)

Altars:
Cheibriados
Dithmenos
Elyvilon
Fedhas
Gozag
Hepliaklqana
Kikubaaqudgha
Makhleb
Nemelex Xobeh
Okawaru
Qazlal
Ru
Sif Muna
Trog
Uskayaw
Vehumet
Wu Jian
Xom
Yredelemnul
Zin
The Shining One
Jiyva
Lugonu

Shops:
D (([


Message History

You can't see that place. [the floor.]
You can't see that place.
Okay, then.
Something hits you.
You hit something but do no damage. Something hits you. Something hits you!
Throwing (i - inventory)
l - 9 curare-tipped darts (quivered)
Press: ? - help, Shift-Dir - straight line, f - you Really target yourself? [Y]es or [N]o only, please.
Really target yourself?
Okay, then.
You closely miss something. Something hits you. Something hits you.
Something hits you!
* * * LOW HITPOINT WARNING * * *
Throwing (i - inventory)
l - 9 curare-tipped darts (quivered)
Press: ? - help, Shift-Dir - straight line
Aim: Disturbance (purple smoke)
You throw a curare-tipped dart. Something hits you!
You die...

.'..._#§§(§.#§§#
##_.#'##§#####+###
###'#.#)(§§###.'.#
###.####)###.###§#
.'...'..(..'(∩##.#
##.÷.###########.#
##.## .......##§#
#+# .......§§{#
+++######@# #§#
+.# ###


There were no monsters in sight!

Vanquished Creatures (collateral kills)
  2 centaur warriors (D)
  Sonja (D)
  A deep troll (D)
  An oklob plant (D)
  2 kobold demonologists (D)
  A hornet (D)
  A slime creature (D)
  2 redbacks (D)
  Sigmund (D)
  A yak (D)
  A floating eye (D)
  An ogre (D)
  A jelly (D)
  Ijyb (D)
17 creatures vanquished.

Vanquished Creatures (others)
  A gargoyle (D)
1 creature vanquished.

Grand Total: 18 creatures vanquished

Notes
Turn   | Place    | Note
-------+----------+-------------------------------------------
     0 | D        | silentkaos13 the Deep Elf Summoner began the quest for the
                  | Orb.
     0 | D        | Reached XP level 1. HP: 10/10 MP: 6/6
     1 | D        | Noticed Ijyb
    15 | D        | Killed Ijyb
    15 | D        | Reached XP level 2. HP: 15/15 MP: 2/8
    71 | D        | Learned a level 2 spell: Call Imp
    75 | D        | Noticed an ogre
    83 | D        | Killed an ogre
    83 | D        | Reached skill level 5 in Spellcasting
    83 | D        | Reached XP level 3. HP: 19/19 MP: 3/11
    88 | D        | Learned a level 3 spell: Call Canine Familiar
   158 | D        | Noticed Sigmund
   198 | D        | Killed Sigmund
   198 | D        | Reached skill level 7 in Spellcasting
   198 | D        | Reached XP level 4. HP: 20/24 MP: 1/15
   304 | D        | Learned a level 4 spell: Summon Ice Beast
   309 | D        | Learned a level 4 spell: Summon Lightning Spire
   325 | D        | Found an ornate altar of the Wu Jian Council.
   325 | D        | Found a shimmering blue altar of Sif Muna.
   327 | D        | Found a radiant altar of Vehumet.
   330 | D        | Reached skill level 10 in Summonings
   330 | D        | Reached XP level 5. HP: 28/28 MP: 11/16
   344 | D        | Became a worshipper of Sif Muna the Loreminder
   364 | D        | Found Vos Nuskirph's Weapon Emporium.
   364 | D        | Found an ancient bone altar of Kikubaaqudgha.
   364 | D        | Found a hazy altar of Hepliaklqana.
   364 | D        | Found a stormy altar of Qazlal.
   364 | D        | Found a hide-covered altar of Uskayaw.
   364 | D        | Found a blossoming altar of Fedhas.
   364 | D        | Found a bloodstained altar of Trog.
   364 | D        | Found an iron altar of Okawaru.
   364 | D        | Found a basalt altar of Yredelemnul.
   364 | D        | Found a glowing golden altar of the Shining One.
   364 | D        | Found a snail-covered altar of Cheibriados.
   364 | D        | Found a sacrificial altar of Ru.
   364 | D        | Found a glowing silver altar of Zin.
   364 | D        | Found a shadowy altar of Dithmenos.
   364 | D        | Found a white marble altar of Elyvilon.
   364 | D        | Noticed a yak
   372 | D        | Killed a yak
   372 | D        | Reached skill level 8 in Spellcasting
   375 | D        | Found an opulent altar of Gozag.
   376 | D        | Found a sparkling altar of Nemelex Xobeh.
   420 | D        | Found a burning altar of Makhleb.
   420 | D        | Found a viscous altar of Jiyva.
   420 | D        | Found a shimmering altar of Xom.
   420 | D        | Found a corrupted altar of Lugonu.
   420 | D        | Noticed a slime creature
   429 | D        | Killed a slime creature
   429 | D        | Reached skill level 10 in Spellcasting
   429 | D        | Reached skill level 1 in Ice Magic
   429 | D        | Reached XP level 6. HP: 32/32 MP: 8/21
   518 | D        | Noticed a kobold demonologist
   518 | D        | Noticed a floating eye
   520 | D        | Noticed a kobold demonologist
   521 | D        | Paralysed by a floating eye for 3 turns
   522 | D        | Killed a floating eye
   522 | D        | Reached * piety under Sif Muna
   522 | D        | Reached skill level 1 in Air Magic
   531 | D        | Noticed an orange demon
   538 | D        | Killed a kobold demonologist
   538 | D        | Reached skill level 11 in Spellcasting
   540 | D        | Noticed a red devil
   550 | D        | Killed a kobold demonologist
   550 | D        | Reached skill level 12 in Spellcasting
   550 | D        | Reached XP level 7. HP: 31/36 MP: 6/24
   592 | D        | Noticed a demonic crawler
   592 | D        | Noticed a demonic crawler
   593 | D        | Noticed a demonic crawler
   593 | D        | Noticed a demonic crawler
   652 | D        | Noticed Sonja
   654 | D        | Killed Sonja
   654 | D        | Reached ** piety under Sif Muna
   654 | D        | Reached skill level 13 in Spellcasting
   720 | D        | Found Usex's Weapon Boutique.
   740 | D        | Noticed a deep troll
   771 | D        | Killed a deep troll
   771 | D        | Reached skill level 14 in Spellcasting
   771 | D        | Reached XP level 8. HP: 41/41 MP: 2/28
   916 | D        | Found Ukomolam's Armour Emporium.
   950 | D        | Noticed a centaur warrior
   950 | D        | Noticed a centaur warrior
   957 | D        | Killed a centaur warrior
   978 | D        | Killed a centaur warrior
   978 | D        | Reached skill level 15 in Spellcasting
   978 | D        | Reached skill level 5 in Air Magic
  1139 | D        | Noticed a hornet
  1146 | D        | Killed a hornet
  1146 | D        | Reached *** piety under Sif Muna
  1146 | D        | Reached skill level 15 in Summonings
  1146 | D        | Reached XP level 9. HP: 45/45 MP: 23/30
  1159 | D        | Noticed an oklob plant
  1177 | D        | Killed an oklob plant
  1177 | D        | Reached skill level 16 in Spellcasting
  1323 | D        | Reached skill level 1 in Throwing
  1514 | D        | Killed a gargoyle
  1628 | D        | Slain by an unseen horror

Levels and vault maps discovered:
D:        dungeon_sprint_1 [red_sonja_temple_1, red_sonja_temple_small_1]

Skill      XL: |  1  2  3  4  5  6  7  8  9 |
---------------+----------------------------+-----
Summonings     | 6 8 9 10 11 12 13 15 | 15.5
Dodging        | 3 4 |  4.1
Stealth        | 3 4 |  4.7
Spellcasting   | 5 7 10 12 14 15 16 | 16.2
Ice Magic      | 1 2 3 4 |  4.7
Air Magic      | 2 4 5 |  5.9
Throwing       | 1 |  1.0

Action                   |  1- 3 |  4- 6 |  7- 9 || total
-------------------------+-------+-------+-------++-------
Melee: Dagger            |       |       |     3 ||     3
Throw: Dart              |       |       |     3 ||     3
 Cast: Summon Small Mamm |     4 |       |       ||     4
       Call Imp          |     6 |       |     2 ||     8
       Call Canine Famil |     3 |     2 |     7 ||    12
       Summon Ice Beast  |       |     5 |     8 ||    13
       Summon Lightning  |       |     4 |    11 ||    15
 Stab: Sleeping          |       |       |     1 ||     1
  Eat: Ration            |       |       |     1 ||     1
Armor: Robe              |       |       |     1 ||     1
Dodge: Dodged            |     2 |     2 |     3 ||     7

Table legend:
 A = Non-vault XP
 B = Vault XP
 C = Vault XP percentage of total XP
 D = Non-vault monster count
 E = Vault monster count
 F = Vault count percentage of total count
                 A         B        C        D         E       F
            +---------+---------+-------+---------+---------+-------
      Total |       0 |    3528 | 100.0 |       0 |      17 | 100.0
            +---------+---------+-------+---------+---------+-------
          D |       0 |    3528 | 100.0 |       0 |      17 | 100.0
            +---------+---------+-------+---------+---------+-------
